 Dungeon Crawl Stone Soup version 0.26.0-10-g1f06aea511 (webtiles) character file.

Game seed: 1803711986294981585

214 MisterFreud the Conjurer (level 5, -9/35 HPs)
             Began as a Demonspawn Conjurer on Jan 29, 2021.
             Was a Follower of Makhleb.
             Mangled by Pikel
             ... wielding a +2 whip of electrocution
              (10 damage)
             ... on level 4 of the Dungeon.
             The game lasted 00:04:36 (2867 turns).

MisterFreud the Conjurer (Demonspawn Conjurer)      Turns: 2867, Time: 00:04:37

Health: -9/35      AC:  5    Str:  7    XL:     5   Next: 60%
Magic:  8/9        EV: 12    Int: 21    God:    Makhleb [*.....]
Gold:   246        SH:  0    Dex: 11    Spells: 8/9 levels left

rFire    . . .     SeeInvis .   p - +1 dagger (venom)
rCold    . . .     Faith    .   (no shield)
rNeg     . . .     Spirit   .   a - +0 robe
rPois    .         Reflect  .   (no helmet)
rElec    .         Harm     .   (no cloak)
rCorr    .         Rampage  .   (no gloves)
Will     .....                  (no boots)
Stlth    ++........             (no amulet)
HPRegen  0.11/turn              (no ring)
MPRegen  0.11/turn              (no ring)

@: no status effects
A: yellow scales 2, demonic guardian 1, miasma immunity
a: Renounce Religion


You were on level 4 of the Dungeon.
You worshipped Makhleb.
Makhleb was aware of your devotion.
You visited 1 branch of the dungeon, and saw 4 of its levels.

You collected 246 gold pieces.

Inventory:

Hand Weapons
 h - a +0 dagger of venom
 j - a +4 short sword
 p - a +1 dagger of venom (weapon)
Missiles
 g - 18 poisoned darts
 r - a throwing net
Armour
 a - a +0 robe (worn)
Jewellery
 o - an uncursed amulet of magic regeneration {unknown}
Scrolls
 b - 6 scrolls of identify {unknown}
 d - 2 scrolls of teleportation {unknown}
 e - a scroll of blinking {unknown}
 i - 2 scrolls of enchant weapon {unknown}
 m - 2 scrolls of remove curse {unknown}
 n - 4 scrolls of magic mapping {unknown}
 s - 2 scrolls of amnesia {unknown}
 v - a scroll of enchant armour {unknown}
 w - 3 scrolls of fear {unknown}
 y - a scroll of immolation {unknown}
Potions
 c - a potion of curing {unknown}
 f - 3 potions of flight {unknown}
 k - a potion of magic {unknown}
 l - 4 potions of attraction {unknown}
 q - a potion of heal wounds {unknown}
 t - 2 potions of berserk rage {unknown}
 u - 2 potions of degeneration {unknown}
 x - 2 potions of mutation {unknown}
 z - a potion of haste {unknown}


   Skills:
 - Level 1.7 Dodging
 - Level 1.7 Stealth
 + Level 2.9 Spellcasting
 + Level 6.5 Conjurations


You had 8 spell levels left.
You knew the following spells:

 Your Spells              Type           Power        Failure   Level
a - Magic Dart            Conj           100%         1%          1

Your spell library contained the following spells:

 Spells                   Type           Power        Failure   Level
 Searing Ray              Conj           60%          1%          2
 Dazzling Flash           Conj/Hex       32%          11%         3
 Fulminant Prism          Conj/Hex       8%           34%         4
 Iskenderun's Mystic Bla  Conj/Tloc      16%          34%         4


Dungeon Overview and Level Annotations

Branches:
Dungeon (4/15)
 Temple: D:4-7

Altars:
Makhleb

Shops:
D:4 =

Annotations:
D:3 Sigmund
D:4 Pikel


Innate Abilities, Weirdness & Mutations

You are mostly covered in yellow scales. (AC +3)
A weak demonic guardian rushes to your aid.
You are immune to miasma.


Message History

The hound barely misses you. The hound misses you.
You hit Pikel but do no damage.
Pikel is poisoned.
Pikel hits you but does no damage.
You are electrocuted!
Pikel hits you but does no damage.
You hit Pikel but do no damage.
Pikel looks as sick as possible!
Pikel is lightly wounded.
Pikel hits you with a +2 whip of electrocution.
You barely miss Pikel.
Pikel is lightly wounded.
Pikel hits you with a +2 whip of electrocution.
You are electrocuted!
* * * LOW HITPOINT WARNING * * *
Pikel hits you but does no damage.
Unknown command.
Pikel misses you.
Found a scroll labelled CODUPP MUTOKUET.
Pikel hits you with a +2 whip of electrocution.
* * * LOW HITPOINT WARNING * * *
You are electrocuted!
You die...

###......####
##..#..#.###.#.
###...5...###..###..#####..
####..5.5....# ##.......#
###55..5..# #####.###
#....§..## ##.#
#....####5## #..#
...#######..## ##.##
####....##5..## #..#
#.....@Kh....####.##
#?.........#......#
##......#..##..####
##.....#..#.....##
##...##.........##
##.###..........## ##
#..........†###
#..#.........##
#.##.......#...


You could see Pikel (fast, very poisoned), a lemure and a hound.

Vanquished Creatures
  A scorpion (D:4)
  A hound (D:4)
  6 adders
  An ooze (D:2)
  4 worms (D:2)
  A dart slug (D:2)
  2 leopard geckos
  7 giant cockroaches
  7 goblins
  5 hobgoblins
  8 kobolds
  2 quokkas (D:2)
  2 ball pythons (D:1)
  6 bats
  4 frilled lizards
  5 rats
62 creatures vanquished.

Vanquished Creatures (collateral kills)
  A centaur skeleton (D:4)
1 creature vanquished.

Grand Total: 63 creatures vanquished

Notes
Turn   | Place    | Note
-------+----------+-------------------------------------------
     0 | D:1      | MisterFreud the Demonspawn Conjurer began the quest for the
                  | Orb.
     0 | D:1      | Reached XP level 1. HP: 13/13 MP: 3/3
   414 | D:1      | Gained mutation: You are partially covered in yellow
                  | scales. (AC +2) [demonic ancestry]
   414 | D:1      | Reached XP level 2. HP: 19/19 MP: 1/5
  1016 | D:2      | Reached skill level 5 in Conjurations
  1185 | D:2      | Gained mutation: A weak demonic guardian rushes to your
                  | aid. [demonic ancestry]
  1185 | D:2      | Reached XP level 3. HP: 24/24 MP: 3/6
  1556 | D:2      | Gained mutation: You are mostly covered in yellow scales.
                  | (AC +3) [demonic ancestry]
  1556 | D:2      | Reached XP level 4. HP: 13/30 MP: 3/7
  1772 | D:2      | Found a faded altar of an unknown god.
  2078 | D:2      | Became a worshipper of Makhleb the Destroyer
  2078 | D:2      | Reached * piety under Makhleb
  2233 | D:3      | Reached skill level 6 in Conjurations
  2375 | D:3      | Noticed Sigmund
  2444 | D:4      | Gained mutation: You are immune to miasma. [demonic
                  | ancestry]
  2444 | D:4      | Reached XP level 5. HP: 35/35 MP: 3/8
  2659 | D:4      | Found Tiats's Jewellery Shoppe.
  2839 | D:4      | Noticed a lemure
  2848 | D:4      | Noticed a lemure
  2849 | D:4      | Noticed Pikel
  2858 | D:4      | Noticed a lemure
  2858 | D:4      | Noticed a lemure
  2867 | D:4      | HP: 1/35 [Pikel/+2 whip of electrocution (6)]
  2867 | D:4      | Mangled by Pikel

Illustrated notes

Levels and vault maps discovered:
D:1:      psy_arrival_dodecagon, layout_loops_ring, minmay_cupped
D:2:      minmay_angry_zag, layout_loops_ring, chequers_ecumenical_altar_island
D:3:      layout_rooms, uniq_sigmund
D:4:      layout_cave_pods, serial_shops, shop_fountains, skrybe_limestone_x,
          minmay_misc_feat_rows, minmay_circle_x, uniq_pikel

Skill      XL: |  1  2  3  4 |
---------------+-------------+-----
Conjurations   | 5 6 |  6.5
Dodging        | |  1.7
Stealth        | |  1.7
Spellcasting   | |  2.9

Action                   |  1- 3 |  4- 6 || total
-------------------------+-------+-------++-------
Melee: Short sword       |    12 |       ||    12
       Dagger            |    45 |    46 ||    91
 Cast: Magic Dart        |    49 |    15 ||    64
 Stab: Sleeping          |     5 |     5 ||    10
Armor: Robe              |    14 |    16 ||    30
Dodge: Dodged            |    37 |    35 ||    72
